 Dungeon Crawl Stone Soup version 0.29-a0-323-g050149af67 (webtiles) character file.

Game seed: 9556294887832919888

36 spaghetti the Caller (level 3, 0/21 HPs)
             Began as an Octopode Summoner on Apr 11, 2022.
             Slain by Terence
             ... wielding a +3 mace of holy wrath
              (2 damage)
             ... on level 1 of the Dungeon.
             The game lasted 00:01:58 (1102 turns).

spaghetti the Caller (Octopode Summoner)            Turns: 1102, Time: 00:01:58

Health: 0/21       AC:  5    Str:  7    XL:     3   Next: 37%
Magic:  3/7        EV: 13    Int: 19    God:
Gold:   21         SH:  0    Dex: 12    Spells: 5/8 levels left

rFire   . . .      SeeInvis .   d - staff of poison {!astaff}
rCold   . . .      Faith    .   (no shield)
rNeg    . . .      Spirit   .   (helmet restricted)
rPois   +          Reflect  .   (no amulet)
rElec   .          Harm     .   e - +4 ring of protection
rCorr   .          Rampage  .   (no ring)
Will    .....                   (no ring)
Stlth   +++.......              (no ring)
HPRegen 0.07/turn               (no ring)
MPRegen 0.10/turn               (no ring)
                                (no ring)
                                (no ring)

@: no status effects
A: almost no armour, amphibious, 8 rings, camouflage 1, gelatinous body 1,
(nimble swimmer 1), tentacles
a: no special abilities


You were on level 1 of the Dungeon.
You visited 1 branch of the dungeon, and saw 2 of its levels.

You collected 21 gold pieces.


Innate Abilities, Weirdness & Mutations

You cannot wear most types of armour.
You are amphibious.
You can wear up to eight rings at the same time.
Your skin changes colour to match your surroundings (Stealth+).
Your rubbery body absorbs attacks. (AC +1, EV +1)
((You are camouflaged when in or above water. (Stealth+)))
You have tentacles for arms and can constrict up to eight enemies at once.


   Skills:
 - Level 2.0 Dodging
 - Level 2.6 Stealth
 * Level 3.1 Spellcasting
 + Level 4.3 Summonings


You had 5 spell levels left.
You knew the following spells:

 Your Spells              Type           Power      Damage    Failure   Level
a - Summon Small Mammal   Summ           76%        N/A       2%          1
b - Call Imp              Summ           19%        N/A       3%          2

Your spell library contained the following spells:

 Spells                   Type           Power      Damage    Failure   Level
 Call Canine Familiar     Summ           19%        N/A       8%          3
 Summon Guardian Golem    Hex/Summ       11%        N/A       19%         3
 Ensorcelled Hibernation  Hex/Ice        4%         N/A       22%         2
 Passwall                 Tmut/Erth      1%         N/A       22%         2
 Swiftness                Air            2%         N/A       41%         3
 Summon Lightning Spire   Summ/Air       11%        N/A       52%         4

Inventory:

Hand Weapons
 b - a +0 short sword {short}
   (You took it off a kobold on level 1 of the Dungeon)
 c - a +0 dagger {short}
   (You took it off a goblin on level 1 of the Dungeon)
Magical Staves
 d - a staff of poison (weapon) {!astaff}
   (You found it on level 1 of the Dungeon)
Jewellery
 e - a +4 ring of protection (left tentacle)
   (You found it on level 1 of the Dungeon)
Potions
 a - a potion of magic
 f - 2 potions of heal wounds {unknown}
 g - a potion of curing {unknown}

Dungeon Overview and Level Annotations

Branches:
Dungeon (2/15)

Altars:

Shops:
D:1 **!(

Annotations:
D:1 Terence

.#################.##
.# #......##.#
##########.####.##.#
##...............#.#
...........####..#.#
##.############..#.#
##.#######.....g.#.#
..........>..5.#@#.#
...#######.###.#@#.#
#### #.# #.#.#.##
#.###.#....#
#.....###### #######
## †# .#####


You could see Terence and a goblin.


Message History

The adder hisses angrily.
The adder bites your quokka. 😎 MP[-2]
You lost 2 mp, and now have 3/7 mp.
What are your orders? t - Shout!
Orders for allies: a - Attack new target. r - Retreat! s - Stop attacking. g - Guard the area. f - Follow me.
Anything else - Cancel.
Gang up on whom?
Press: ? - help, Dir - move target, f - Terence
Aim: Terence, wielding a +3 mace of holy wrath and wearing a +0 chain mail (asleep, ally target) Attack!
Your bat hits Terence but does no damage.
A goblin comes into view. It is wielding a +0 club.
Your crimson imp blinks!
Your bat hits Terence but does no damage.
Your bat barely misses Terence.
Your crimson imp hits Terence.
Terence closely misses your crimson imp.
There is a stone staircase leading up here.
The adder bites you but does no damage.
You climb upwards.
Your summoned ally is left behind.
There is a stone staircase leading down here. 😎 MP[+1] Unknown command.
Unknown command.
Casting: Call Imp (safe; 4% risk of failure)
Confirm with . or Enter, or press ? or * to list all spells.
A beastly little devil appears in a puff of flame.
The adder bites you.
The adder closely misses you. 😕 HP[-2] MP[-2]
You take 2 damage, and now have 19/21 hp.
You lost 2 mp, and now have 2/7 mp.
Casting: Call Imp (safe; 4% risk of failure)
Confirm with . or Enter, or press ? or * to list all spells.
The adder bites you but does no damage. 😕 MP[-1]
You lost 1 mp, and now have 1/7 mp.
You barely miss the adder. Your grab misses the adder.
Your squeeze misses the adder. The adder bites you but does no damage.
Your quokka bites the adder.
You barely miss the adder. You grab the adder. You constrict the adder.
The adder closely misses you.
Your quokka bites the adder.
The adder closely misses your quokka.
Your crimson imp blinks!
Your quokka barely misses the adder.
You hit the adder. You squeeze the adder.
You kill the adder!
Your Spellcasting skill increases to level 3!
You start resting.
Your crimson imp blinks!
Your quokka disappears in a puff of smoke! 😎 HP[+2] MP[+2]
Your hp is fully restored (21).
You regained 2 mp, and now have 3/7 mp.
(D) Dungeon
Where to? (Enter - D:2, ? - help)
You climb downwards.
Your summoned ally is left behind.
Level annotation: Terence The goblin barely misses you.
There is a stone staircase leading up here.
There are monsters nearby! 😎 MP[+1]
The goblin closely misses you.
Terence hits you with a +3 mace of holy wrath.
You climb upwards.
Your crimson imp disappears in a puff of smoke!
There is a stone staircase leading down here. 😮 HP[-6]
You take 6 damage, and now have 15/21 hp.
MASSIVE DAMAGE!! (PAUSE) Unknown command.
Casting: Summon Small Mammal (safe; 2% risk of failure)
Confirm with . or Enter, or press ? or * to list all spells.
A beastly little devil appears in a puff of frigid air.
Terence hits you with a +3 mace of holy wrath!
* * * LOW HITPOINT WARNING * * *
The goblin hits you but does no damage. 😨 HP[-7] MP[-2]
You take 7 damage, and now have 8/21 hp.
MASSIVE DAMAGE!! (PAUSE)
You lost 2 mp, and now have 2/7 mp.
You aren't carrying any scrolls.
Unknown command.
Terence attacks as you move away!
Terence hits you with a +3 mace of holy wrath.
* * * LOW HITPOINT WARNING * * *
The goblin closely misses you.
Your white imp misses the goblin. 😱 HP[-6]
You take 6 damage, and now have 2/21 hp.
MASSIVE DAMAGE!! (PAUSE) Terence attacks as you move away!
Terence closely misses you. The goblin hits you but does no damage.
Your white imp misses the goblin.
Terence attacks as you move away! Terence completely misses you.
Terence says, "Time to say good-bye..." 😱 MP[+1] Terence attacks as you move away!
Terence hits you with a +3 mace of holy wrath.
You die...

Skill      XL: |  1  2  3 |
---------------+----------+-----
Spellcasting   | 3 |  3.1
Dodging        | |  2.0
Stealth        | |  2.6
Summonings     | |  4.3

Action                   || total
-------------------------++-------
Melee: Unarmed           ||     5
       Constrict         ||     9
       Staff             ||    29
       Tentacles         ||     8
 Cast: Summon Small Mamm ||    15
       Call Imp          ||     5
 Stab: Sleeping          ||    10
Armor: Skin              ||     9
Dodge: Dodged            ||    25

Levels and vault maps discovered:
D:1:      wander_arrival_abandoned_jail, layout_basic, serial_shops,
          shop_statue, shop, nicolae_shop_stone, shop_fountains
D:2:      layout_rooms, ebering_ecumenical_altar_petrified, uniq_terence

Notes
Turn   | Place    | Note
-------+----------+-------------------------------------------
     0 | D:1      | spaghetti the Octopode Summoner began the quest for the
                  | Orb.
     0 | D:1      | Reached XP level 1. HP: 11/11 MP: 3/3
     0 | D:1      | magus.rc [v1.9.6]
   117 | D:1      | Reached XP level 2. HP: 17/17 MP: 1/5
   201 | D:1      | Learned a level 2 spell: Call Imp
   296 | D:1      | Found Nuecsedi's Distillery.
   328 | D:1      | Found Piatuosi's Antique Weapon Emporium.
   741 | D:1      | Found Cyralaol's Assorted Antiques.
   786 | D:1      | Found Iduegar's General Store.
   937 | D:1      | Reached XP level 3. HP: 21/21 MP: 7/7
   942 | D:1      | You pick up a book of Burglary and begin reading...
   942 | D:1      | You add the spells Passwall, Ensorcelled Hibernation and
                  | Swiftness to your library.
  1053 | D:2      | Noticed Terence
  1069 | D:1      | Reached skill level 3 in Spellcasting
  1095 | D:1      | HP: 2/21 [Terence/+3 mace of holy wrath (6)]
  1102 | D:1      | Slain by Terence

Vanquished Creatures
  An adder (D:1)
  2 bats (D:1)
  2 endoplasms (D:1)
  A giant cockroach (D:1)
  A goblin (D:1)
  2 hobgoblins (D:1)
  A kobold (D:1)
  4 rats (D:1)
14 creatures vanquished.

Vanquished Creatures (collateral kills)
  A dart slug (D:1)
  An endoplasm (D:1)
  A giant cockroach (D:1)
  A goblin (D:1)
  2 hobgoblins (D:1)
  A kobold (D:1)
  2 bats (D:1)
9 creatures vanquished.

Grand Total: 23 creatures vanquished

Table legend:
 A = Non-vault XP
 B = Vault XP
 C = Vault XP percentage of total XP
 D = Non-vault monster count
 E = Vault monster count
 F = Vault count percentage of total count
                 A         B        C        D         E       F
            +---------+---------+-------+---------+---------+-------
      Total |      52 |       0 |   0.0 |      23 |       0 |   0.0
            +---------+---------+-------+---------+---------+-------
        D:1 |      52 |       0 |   0.0 |      23 |       0 |   0.0
            +---------+---------+-------+---------+---------+-------

Illustrated notes

Table legend:
 A = Kills in this place as a percentage of kills in entire the game.
 B = Kills by you in this place as a percentage of kills by you in the entire game.
 C = Kills by friends in this place as a percentage of kills by friends in the entire game.
 D = Other kills in this place as a percentage of other kills in the entire game.
 E = Experience gained in this place as a percentage of experience gained in the entire game.
 F = Experience gained in this place divided by the number of levels of this place that you have seen.
                   A       B       C       D       E      F
               +-------+-------+-------+-------+-------+----------------------
         Total | 100.0 | 100.0 | 100.0 |   N/A | 100.0 |  26.0
       Dungeon | 100.0 | 100.0 | 100.0 |   N/A | 100.0 |  26.0
               +-------+-------+-------+-------+-------+----------------------

Table legend: (Time is in decaauts)
 A = Elapsed time spent in this place.
 B = Non-inter-level travel time spent in this place.
 C = Inter-level travel time spent in this place.
 D = Time resting spent in this place.
 E = Time spent auto-exploring this place.
 F = Levels seen in this place.
 G = Mean time per level.
                   A        B        C        D        E       F      G
               +--------+--------+--------+--------+--------+-----+--------+
         Total |   1108 |   1100 |      8 |     55 |    848 |   2 |  554.0 |
       Dungeon |   1108 |   1100 |      8 |     55 |    848 |   2 |  554.0 |
               +--------+--------+--------+--------+--------+-----+--------+

Top non-repeatable levels by time:
     D:1: 1090 daAuts
     D:2: 17 daAuts
